 Dungeon Sprint DCSS version 0.26-a0-708-g17f3b190f9 (webtiles) character file.

Game seed: 5334846440351420560

10605 olmar the Bludgeoner (level 11, -8/111 HPs)
             Began as a Minotaur Fighter on Oct 27, 2020.
             Was an Initiate of Gozag.
             Killed from afar by a fire dragon (47 damage)
             ... with a blast of flame
             ... in the Dungeon (Sprint III: "The Ten Rune Challenge").
             The game lasted 00:07:07 (1627 turns).

olmar the Bludgeoner (Minotaur Fighter)             Turns: 1627, Time: 00:07:08

Health: -8/111     AC: 18    Str: 30    XL:     11   Next: 38%
Magic:  1/1        EV: 11    Int:  5    God:    Gozag
Gold:   2804       SH: 14    Dex: 12    Spells: 10/10 levels left

rFire    . . .     SeeInvis .   B - +0 morningstar (freeze)
rCold    . . .     Faith    .   c - +0 kite shield
rNeg     . . .     Spirit   .   F - +0 plate armour of the Alphagorgon {Dex+2}
rPois    +         Reflect  .   (helmet restricted)
rElec    .         Harm     .   k - +0 cloak
rCorr    .         Rampage  .   (no gloves)
MR       ++...     NoTele   +   (no boots)
Stlth    ..........             (no amulet)
HPRegen  0.28/turn              D - ring of the Elephant {+Blink rPois MR++ MP-9 Str+6}
MPRegen  0.07/turn              (no ring)

@: no status effects
A: retaliatory headbutt, horns 2, deterioration 1, mutation resistance 1
a: Potion Petition, Call Merchant, Bribe Branch, Renounce Religion, Evoke Blink


You were in the Dungeon.
You worshipped Gozag.
Gozag was most pleased with you.
You visited 1 branch You collected 7353 gold pieces.
You spent 4091 gold pieces at shops.
You paid 458 gold pieces to Gozag.

Inventory:

Hand Weapons
 a - a +0 flail
 B - a +0 morningstar of freezing (weapon)
Armour
 b - a +0 scale mail
 c - a +0 kite shield (worn)
 k - a +0 cloak (worn)
 F - the +0 plate armour of the Alphagorgon (worn) {Dex+2}
   (You bought it in a shop in the Dungeon)

   It affects your dexterity (+2).
Jewellery
 D - the ring of the Elephant (left hand) {+Blink rPois MR++ MP-9 Str+6}
   (You bought it in a shop in the Dungeon)

   [ring of strength]

   It affects your strength (+6).
   It protects you from poison.
   It affects your resistance to hostile enchantments.
   It affects your magic capacity (-9).
   It lets you blink.
 H - an uncursed ring of ice
Wands
 s - a wand of flame (17)
 G - a wand of polymorph (4)
Scrolls
 j - a scroll of blinking
 m - a scroll of holy word {unknown}
 n - 4 scrolls of identify
 p - 2 scrolls of torment {unknown}
 q - 3 scrolls of remove curse
 w - a scroll of amnesia
 z - a scroll of enchant armour
 A - a scroll of fear
 E - a scroll of immolation
Potions
 d - 3 potions of might
 e - 11 potions of curing
 f - a potion of stabbing
 g - 2 potions of haste
 h - 2 potions of magic
 l - 4 potions of mutation
 o - 2 potions of invisibility
 r - 2 potions of lignification
 t - a potion of berserk rage
 u - 2 potions of ambrosia
 v - a potion of heal wounds
 C - 2 potions of resistance
Miscellaneous
 i - a lightning rod (4/4)
 x - a tin of tremorstones (3/3)
 y - a condenser vane (1/2)


   Skills:
 + Level 14.7 Fighting
 + Level 16.9 Maces & Flails
 + Level 14.3 Armour
 + Level 6.4 Dodging
 + Level 13.7 Shields
 + Level 10.7 Evocations


You had 10 spell levels left.
You didn't know any spells.
Your spell library contained the following spells:

 Spells                   Type           Power        Failure   Level
 Animate Skeleton         Necr           #.....       98%         1
 Apportation              Tloc           #.....       98%         1
 Corona                   Hex            #......      98%         1
 Summon Small Mammal      Summ           #...         98%         1


Dungeon Overview and Level Annotations

Branches:
Dungeon (1/1)

Altars:
Cheibriados
Dithmenos
Fedhas
Gozag
Hepliaklqana
Kikubaaqudgha
Makhleb
Nemelex Xobeh
Okawaru
Qazlal
Ru
Sif Muna
Trog
Uskayaw
Vehumet
Wu Jian
Xom
Yredelemnul
Beogh
Jiyva
Lugonu

Shops:
D !*?:[=!(}**}(


Innate Abilities, Weirdness & Mutations

You reflexively headbutt those who attack you in melee.
You have a pair of horns on your head.
Your body sometimes deteriorates upon taking damage.
You are somewhat resistant to further mutation.


Message History

Unknown command.
You barely miss the fire dragon. You headbutt the fire dragon.
The fire dragon is severely wounded.
The fire dragon is engulfed in blazing flames.
The fire dragon bites you. The fire dragon claws you!
You block the fire dragon's attack.
You puncture the fire dragon! You freeze the fire dragon!
The fire dragon is almost dead.
The fire dragon bites you.
The fire dragon claws you but does no damage.
The fire dragon closely misses you.
Unknown command.
You hit the fire dragon but do no damage.
Your headbutt misses the fire dragon.
The fire dragon is almost dead.
The fire dragon is engulfed in blazing flames.
The fire dragon breathes flames at you. The blast of flame hits you!!!
You die...
Your body crumbles into a pile of gold.

≈ ##'###'##..#
###.......'..#
##.#.#####(####
#####..'.#.).(.#|.#
....'..#######.'..#
######## #.####
#.∩⌠⌠∩.# #.#..#
#.∩⌠⌠∩.# #.'..#
#.∩∩∩∩.# #.#@.#
#.∩∩.∩.# #.#D§+
#......# +.#§§#
###''### #.#§§#
#.⌠..⌠.# ######
#......# .......# $
$ .......# .......#


You could see a fire dragon (catching breath).

Vanquished Creatures
  Harold (D)
  Erolcha (D)
  A centaur warrior (D)
  An obsidian statue (D)
  Joseph (D)
  An orc sorcerer (D)
  A wolf spider (shapeshifter) (D)
  An ugly thing (D)
  4 spriggan defenders (D)
  A queen bee (D)
  3 orc high priests (D)
  A slime creature (D)
  2 redbacks (D)
  A shadow (D)
  A spatial vortex (D)
  3 wandering mushrooms (D)
  2 orc warriors (D)
  A necrophage (D)
  5 two-headed ogres (D)
  A water elemental (D)
  A scorpion (D)
  30 killer bees (D)
  A jelly (D)
  3 orc priests (D)
  Jessica (D)
  A wizard (D)
  A necromancer (D)
  3 humans (D)
  A kobold demonologist (D)
  An ooze (D)
  13 orcs (D)
  2 rats (D)
91 creatures vanquished.

Vanquished Creatures (collateral kills)
  A killer bee (D)
1 creature vanquished.

Vanquished Creatures (others)
  A killer bee (D)
  12 plants (D)
13 creatures vanquished.

Grand Total: 105 creatures vanquished

Notes
Turn   | Place    | Note
-------+----------+-------------------------------------------
     0 | D        | olmar the Minotaur Fighter began the quest for the Orb.
     0 | D        | Reached XP level 1. HP: 19/19 MP: 0/0
    12 | D        | Noticed Jessica
    17 | D        | Killed Jessica
    17 | D        | Reached skill level 5 in Fighting
    17 | D        | Reached skill level 3 in Maces & Flails
    17 | D        | Reached skill level 5 in Armour
    17 | D        | Reached skill level 5 in Shields
    17 | D        | Reached XP level 2. HP: 26/29 MP: 1/1
    17 | D        | Reached XP level 3. HP: 32/36 MP: 2/2
    57 | D        | Noticed a scorpion
    63 | D        | Killed a scorpion
    63 | D        | Reached skill level 4 in Maces & Flails
    63 | D        | Reached XP level 4. HP: 40/45 MP: 3/3
    92 | D        | Gained mutation: Your body sometimes deteriorates upon
                  | taking damage. [potion of mutation]
    92 | D        | Gained mutation: You are somewhat resistant to further
                  | mutation. [potion of mutation]
    93 | D        | Noticed a water elemental
    99 | D        | Killed a water elemental
    99 | D        | Reached skill level 5 in Maces & Flails
    99 | D        | Reached XP level 5. HP: 44/53 MP: 4/4
   192 | D        | Noticed a shadow
   196 | D        | Killed a shadow
   196 | D        | Reached skill level 7 in Maces & Flails
   196 | D        | Reached skill level 1 in Dodging
   196 | D        | Reached XP level 6. HP: 34/63 MP: 5/5
   250 | D        | Found a blossoming altar of Fedhas.
   250 | D        | Found a stormy altar of Qazlal.
   251 | D        | Found a snail-covered altar of Cheibriados.
   251 | D        | Found a burning altar of Makhleb.
   251 | D        | Found a hazy altar of Hepliaklqana.
   251 | D        | Found a shimmering altar of Xom.
   251 | D        | Found an opulent altar of Gozag.
   251 | D        | Found a sparkling altar of Nemelex Xobeh.
   251 | D        | Found a corrupted altar of Lugonu.
   251 | D        | Found a viscous altar of Jiyva.
   251 | D        | Noticed a spatial vortex
   261 | D        | Killed a spatial vortex
   261 | D        | Reached skill level 8 in Maces & Flails
   263 | D        | Became a worshipper of Gozag Ym Sagoz the Greedy
   274 | D        | Found a basalt altar of Yredelemnul.
   274 | D        | Found a shadowy altar of Dithmenos.
   274 | D        | Found a sacrificial altar of Ru.
   276 | D        | Reached skill level 10 in Fighting
   276 | D        | Reached skill level 9 in Maces & Flails
   276 | D        | Reached XP level 7. HP: 30/72 MP: 6/6
   329 | D        | Found a radiant altar of Vehumet.
   329 | D        | Found a shimmering blue altar of Sif Muna.
   329 | D        | Found an ancient bone altar of Kikubaaqudgha.
   330 | D        | Reached skill level 10 in Shields
   376 | D        | Found a hide-covered altar of Uskayaw.
   376 | D        | Found a roughly hewn altar of Beogh.
   376 | D        | Found an iron altar of Okawaru.
   376 | D        | Found a bloodstained altar of Trog.
   376 | D        | Found an ornate altar of the Wu Jian Council.
   376 | D        | Noticed a human
   376 | D        | Noticed a human
   378 | D        | Killed a human
   378 | D        | Reached skill level 10 in Armour
   379 | D        | Killed a human
   379 | D        | Reached skill level 10 in Maces & Flails
   399 | D        | Reached skill level 1 in Evocations
   400 | D        | Reached XP level 8. HP: 65/82 MP: 7/7
   411 | D        | Noticed a two-headed ogre
   422 | D        | Killed a two-headed ogre
   422 | D        | Reached skill level 11 in Maces & Flails
   500 | D        | Reached skill level 12 in Maces & Flails
   500 | D        | Noticed an orc sorcerer
   502 | D        | Killed an orc sorcerer
   502 | D        | Reached XP level 9. HP: 74/90 MP: 8/8
   511 | D        | Found Osikae's Distillery.
   573 | D        | Bought a potion of stabbing for 48 gold pieces
   573 | D        | Bought a potion of ambrosia for 96 gold pieces
   573 | D        | Bought a potion of curing for 36 gold pieces
   573 | D        | Bought a potion of haste for 120 gold pieces
   573 | D        | Bought a potion of curing for 36 gold pieces
   573 | D        | Bought a potion of curing for 36 gold pieces
   573 | D        | Bought a potion of curing for 36 gold pieces
   573 | D        | Bought a potion of heal wounds for 60 gold pieces
   573 | D        | Bought a potion of ambrosia for 96 gold pieces
   573 | D        | Bought a potion of lignification for 36 gold pieces
   598 | D        | Noticed a two-headed ogre
   598 | D        | Noticed Erolcha
   603 | D        | Killed Erolcha
   603 | D        | Reached skill level 13 in Maces & Flails
   603 | D        | Reached skill level 5 in Evocations
   614 | D        | Killed a two-headed ogre
   627 | D        | Reached skill level 14 in Maces & Flails
   639 | D        | Noticed a wandering mushroom
   643 | D        | Noticed a wandering mushroom
   645 | D        | Noticed a wandering mushroom
   662 | D        | Killed a wandering mushroom
   662 | D        | Killed a wandering mushroom
   844 | D        | Bought a scroll of identify for 26 gold pieces
   844 | D        | Bought a scroll of amnesia for 45 gold pieces
   844 | D        | Bought a scroll of remove curse for 39 gold pieces
   844 | D        | Bought a tin of tremorstones (3/3) for 520 gold pieces
   844 | D        | Bought a condenser vane (2/2) for 260 gold pieces
   844 | D        | Bought a scroll of identify for 26 gold pieces
   844 | D        | Bought a potion of curing for 39 gold pieces
   845 | D        | Noticed a queen bee
   846 | D        | Reached XP level 10. HP: 92/101 MP: 9/9
   855 | D        | Reached skill level 15 in Maces & Flails
   976 | D        | Noticed Harold
   976 | D        | Noticed Joseph
   981 | D        | Killed Harold
   981 | D        | Reached skill level 16 in Maces & Flails
   981 | D        | Reached skill level 5 in Dodging
   982 | D        | Killed Joseph
  1039 | D        | Reached XP level 11. HP: 89/110 MP: 10/10
  1114 | D        | Noticed an obsidian statue
  1116 | D        | Noticed a sixfirhy
  1133 | D        | Killed an obsidian statue
  1133 | D        | Reached skill level 10 in Evocations
  1145 | D        | Found Furesasi's Weapon Emporium.
  1145 | D        | Found Epnufan's Antique Weapon Shoppe.
  1145 | D        | Found Ijeu's Distillery.
  1145 | D        | Found Bofuov's Gadget Emporium.
  1145 | D        | Found Isminoe's Gadget Shop.
  1145 | D        | Found Jexi Col's General Store.
  1145 | D        | Found Zemor's General Store.
  1146 | D        | Found Letuecro's Jewellery Boutique.
  1146 | D        | Found Deoxum's Antique Armour Shoppe.
  1146 | D        | Found Fiquaza's Book Shop.
  1146 | D        | Found Acets's Magic Scroll Emporium.
  1161 | D        | Bought a scroll of enchant armour for 90 gold pieces
  1161 | D        | Bought a scroll of fear for 42 gold pieces
  1162 | D        | Bought a potion of curing for 33 gold pieces
  1164 | D        | Bought a runed morningstar for 168 gold pieces
  1167 | D        | Bought 2 potions of resistance for 280 gold pieces
  1167 | D        | Bought a potion of invisibility for 112 gold pieces
  1167 | D        | Bought a potion of curing for 42 gold pieces
  1167 | D        | Bought a potion of curing for 42 gold pieces
  1167 | D        | Bought a potion of curing for 42 gold pieces
  1167 | D        | Bought a potion of curing for 42 gold pieces
  1167 | D        | Bought a potion of might for 56 gold pieces
  1169 | D        | Bought the ring of the Elephant {+Blink rPois MR++ MP-9
                  | Str+6} for 926 gold pieces
  1181 | D        | Bought a scroll of immolation for 45 gold pieces
  1183 | D        | Bought a heavily runed plate armour for 616 gold pieces
  1183 | D        | Identified the +0 plate armour of the Alphagorgon {Dex+2}
                  | (You bought it in a shop in the Dungeon)
  1526 | D        | Noticed a green ugly thing
  1526 | D        | Noticed a wolf spider
  1530 | D        | Killed a wolf spider
  1535 | D        | Killed a green ugly thing
  1582 | D        | Noticed a centaur warrior
  1587 | D        | Killed a centaur warrior
  1618 | D        | Noticed a fire dragon
  1627 | D        | Killed from afar by a fire dragon

Illustrated notes

Levels and vault maps discovered:
D:        dungeon_sprint_mu [sprint_mu_entry_forest, sprint_mu_temple_rooms,
          sprint_mu_d1_spiders, sprint_mu_d2_genie, sprint_mu_d3_branching,
          sprint_mu_orc_legion, sprint_mu_elf_gauntlet, sprint_mu_hive_nellie,
          sprint_mu_lair_fedhas, sprint_mu_vaults_butterflies,
          sprint_mu_slime_circle, sprint_mu_swamp_cave, sprint_mu_snake_twists,
          sprint_mu_blade_basic, sprint_mu_crypt_chambers,
          sprint_mu_tomb_spiral, sprint_mu_vestibule_basic,
          sprint_mu_gehenna_hellfire, sprint_mu_dis_giant,
          sprint_mu_tartarus_statrot, sprint_mu_cocytus_islands, sprint_mu_zot1]

Skill      XL: |  1  2  3  4  5  6  7  8  9 10 11 |
---------------+----------------------------------+-----
Fighting       | 5 6 7 9 10 11 12 13 14 | 14.7
Armour         | 5 6 7 8 9 10 11 12 13 14 | 14.3
Shields        | 5 6 7 9 10 11 12 13 | 13.7
Maces & Flails | 3 4 5 7 9 10 12 14 16 | 16.9
Dodging        | 1 2 3 4 5 6 |  6.4
Evocations     | 1 4 6 9 10 | 10.7

Action                   |  1- 3 |  4- 6 |  7- 9 | 10-12 || total
-------------------------+-------+-------+-------+-------++-------
Melee: Flail             |    20 |    17 |    33 |    25 ||    95
       Headbutt          |     1 |     2 |     7 |    20 ||    30
       Morningstar       |       |       |       |    41 ||    41
Invok: Call Merchant     |       |       |     1 |       ||     1
Evoke: Lightning rod     |       |     1 |    27 |     3 ||    31
       Condenser vane    |       |       |     1 |     6 ||     7
  Use: Potion            |       |     2 |     1 |       ||     3
       Scroll            |       |       |       |     1 ||     1
Armor: Scale mail        |     4 |     2 |     5 |     7 ||    18
       Plate armour      |       |       |       |     9 ||     9
Dodge: Dodged            |     3 |     2 |    10 |    23 ||    38
Block: Kite shield       |    13 |     4 |    12 |    43 ||    72

Table legend: (Time is in decaauts)
 A = Elapsed time spent in this place.
 B = Non-inter-level travel time spent in this place.
 C = Inter-level travel time spent in this place.
 D = Time resting spent in this place.
 E = Time spent auto-exploring this place.
 F = Levels seen in this place.
 G = Mean time per level.
                   A        B        C        D        E       F      G
               +--------+--------+--------+--------+--------+-----+--------+
         Total |   1631 |   1592 |     39 |    844 |      0 |   1 | 1631.0 |
       Dungeon |   1631 |   1592 |     39 |    844 |      0 |   1 | 1631.0 |
               +--------+--------+--------+--------+--------+-----+--------+

Top non-repeatable levels by time:
       D: 1631 daAuts
